 Dungeon Sprint DCSS version 0.19.4-10-g532645f (webtiles) character file.

9679 equalderp2856 the Eviscerator (level 11, -3/52 HPs)
             Began as a Felid Fighter on Feb 24, 2017.
             Was an Initiate of Gozag.
             Killed from afar by an ice dragon (11 damage)
             ... with a blast of cold
             ... in the Dungeon (Sprint VII: "The Pits").
             The game lasted 00:40:17 (5577 turns).

equalderp2856 the Eviscerator (Felid Fighter)       Turns: 5577, Time: 00:40:18

Health: -3/52      AC:  3    Str: 15    XL:     11   Next: 26%
Magic:  0/22       EV: 33    Int: 15    God:    Gozag
Gold:   3377       SH:  0    Dex: 19    Spells: 2 memorised, 18 levels left
                                        Lives:  0   Deaths: 3

rFire  x . .     SeeInvis +       - Unarmed
rCold  + . .     Gourm    .     (armour unavailable)
rNeg   . . .     Faith    .     (shield unavailable)
rPois  .         Spirit   +     (helmet unavailable)
rElec  .         Reflect  .     (cloak unavailable)
rCorr  .         Harm     .     (gloves unavailable)
MR     +....     NoTele   +     (boots unavailable)
Stlth  ++++......               Q - amulet "Ifudd" {Spirit Int+3}
                                U - ring "Vebadaek" {Wiz Str+2 Stlth+}
                                w - ring "Otyenis" {rF- Dex+2 Slay+3 Stlth+}

@: lethally poisoned (-3 -> -19), gold aura, very slightly contaminated,
glowing, studying 2 skills, bribing [the Dungeon], quick
A: no armour, no weapons or thrown items, stealth, claws 1, fangs 3, see
invisible, carnivore 3, speed 1, shaggy fur 3, slow metabolism 1, sharp paws
a: Potion Petition, Call Merchant, Bribe Branch, Renounce Religion


You were in the Dungeon.
You worshipped Gozag.
Gozag was most pleased with you.
You were not hungry.

You visited 1 branch You collected 12377 gold pieces.
You paid 9000 gold pieces to Gozag.

Inventory:

Jewellery
 m - a +3 ring of dexterity
 n - a +3 ring of evasion
 v - a +2 ring of slaying
 w - the ring "Otyenis" (left paw) {rF- Dex+2 Slay+3 Stlth+}
   (You found it in the Dungeon)

   [ring of slaying]

   It affects your dexterity (+2).
   It affects your accuracy and damage with ranged weapons and melee attacks
   (+3).
   It makes you vulnerable to fire.
   It makes you more stealthy.
 x - the ring "Botuyneo" {-Tele rN+ Str+8 Slay+5}
   (You found it in the Dungeon)

   [ring of positive energy]

   It affects your strength (+8).
   It affects your accuracy and damage with ranged weapons and melee attacks
   (+5).
   It protects you from negative energy.
   It prevents most forms of teleportation.
 Q - the amulet "Ifudd" (around neck) {Spirit Int+3}
   (You found it in the Dungeon)

   [amulet of guardian spirit]

   It causes incoming damage to be split between your health and magic.
   It affects your intelligence (+3).
 R - the ring of the Special Mice {+Fly rF- MR+ Dex+7}
   (You found it in the Dungeon)

   [ring of protection from magic]

   It affects your dexterity (+7).
   It makes you vulnerable to fire.
   It affects your resistance to hostile enchantments.
   It lets you fly.
 S - the ring "Atesabbacw" {rCorr Int+4 Slay+5}
   (You took it off a skeletal warrior in the Dungeon)

   [ring of resist corrosion]

   It affects your intelligence (+4).
   It affects your accuracy and damage with ranged weapons and melee attacks
   (+5).
 U - the ring "Vebadaek" (right paw) {Wiz Str+2 Stlth+}
   (You found it in the Dungeon)

   [ring of wizardry]

   It improves your spell success rate.
   It affects your strength (+2).
   It makes you more stealthy.
 V - an uncursed ring of positive energy
Wands
 N - a wand of iceblast (1/15)
 O - a wand of heal wounds (4/9)
 P - a wand of hasting (5/9)
 T - a wand of digging (6/24)
Scrolls
 j - 3 scrolls of remove curse
 k - 5 scrolls of amnesia
 l - a scroll of summoning
 q - a scroll of recharging
 r - a scroll of fear
 s - 4 scrolls of identify
 y - a scroll of magic mapping
Potions
 a - 3 potions of might
 c - 6 potions of curing
 e - 6 potions of haste
 f - 4 potions of magic
 g - 4 potions of berserk rage
 i - 2 potions of invisibility
 o - a potion of agility
 t - a potion of resistance
Books
 p - a book of the Dragon

   Spells                             Type                      Level
   a - Flame Tongue                   Conjuration/Fire             1
   b - Cause Fear                     Hexes                        4
   c - Bolt of Fire                   Conjuration/Fire             6
   d - Dragon Form                    Transmutation                7
   e - Dragon's Call                  Summoning                    9
 u - a manual of Ice Magic
 z - a manual of Poison Magic
 A - a book of Dreams

   Spells                             Type                      Level
   a - Ensorcelled Hibernation        Hexes/Ice                    2
   b - Silence                        Hexes/Air                    5
   c - Darkness                       Hexes                        6
   d - Shadow Creatures               Summoning                    6
 B - a book of Summonings

   Spells                             Type                      Level
   a - Recall                         Summoning/Translocation      3
   b - Aura of Abjuration             Summoning                    5
   c - Summon Demon                   Summoning                    5
   d - Summon Forest                  Summoning/Translocation      5
   e - Summon Mana Viper              Hexes/Summoning              5
   f - Shadow Creatures               Summoning                    6
 C - a book of Transfigurations

   Spells                             Type                      Level
   a - Irradiate                      Conjuration/Transmutation    5
   b - Statue Form                    Transmutation/Earth          6
   c - Hydra Form                     Transmutation                6
   d - Dragon Form                    Transmutation                7
 D - a book of Alchemy

   Spells                             Type                      Level
   a - Sublimation of Blood           Necromancy                   2
   b - Ignite Poison                  Fire/Transmutation/Poison    3
   c - Petrify                        Transmutation/Earth          4
   d - Alistair's Intoxication        Transmutation/Poison         5
   e - Irradiate                      Conjuration/Transmutation    5
 E - a book of Enchantments

   Spells                             Type                      Level
   a - Cause Fear                     Hexes                        4
   b - Yara's Violent Unravelling     Hexes/Transmutation          5
   c - Silence                        Hexes/Air                    5
   d - Deflect Missiles               Charms/Air                   6
   e - Discord                        Hexes                        8
 F - a book of Flames

   Spells                             Type                      Level
   a - Flame Tongue                   Conjuration/Fire             1
   b - Throw Flame                    Conjuration/Fire             2
   c - Conjure Flame                  Conjuration/Fire             3
   d - Inner Flame                    Hexes/Fire                   3
   e - Sticky Flame                   Conjuration/Fire             4
   f - Fireball                       Conjuration/Fire             5
 G - a book of the Earth

   Spells                             Type                      Level
   a - Leda's Liquefaction            Hexes/Earth                  4
   b - Bolt of Magma                  Conjuration/Fire/Earth       5
   c - Statue Form                    Transmutation/Earth          6
   d - Iron Shot                      Conjuration/Earth            6
   e - Shatter                        Earth                        9
 H - a book of Transfigurations

   Spells                             Type                      Level
   a - Irradiate                      Conjuration/Transmutation    5
   b - Statue Form                    Transmutation/Earth          6
   c - Hydra Form                     Transmutation                6
   d - Dragon Form                    Transmutation                7
 I - Pezadiq's Almanac of Attacks
   (You found it in the Dungeon)

   Spells                             Type                      Level
   a - Shock                          Conjuration/Air              1
   b - Searing Ray                    Conjuration                  2
   c - Iskenderun's Mystic Blast      Conjuration                  4
 J - a book of Enchantments

   Spells                             Type                      Level
   a - Cause Fear                     Hexes                        4
   b - Yara's Violent Unravelling     Hexes/Transmutation          5
   c - Silence                        Hexes/Air                    5
   d - Deflect Missiles               Charms/Air                   6
   e - Discord                        Hexes                        8
 K - the Papyrus of Earth and Cold
   (You found it in the Dungeon)

   Spells                             Type                      Level
   a - Stone Arrow                    Conjuration/Earth            3
   b - Throw Icicle                   Conjuration/Ice              4
   c - Lee's Rapid Deconstruction     Earth                        5
   d - Iron Shot                      Conjuration/Earth            6
 L - a Necronomicon

   Spells                             Type                      Level
   a - Haunt                          Necromancy/Summoning         7
   b - Borgnjor's Revivification      Necromancy                   8
   c - Death's Door                   Charms/Necromancy            8
   d - Infestation                    Necromancy                   8
   e - Necromutation                  Transmutation/Necromancy     8
 M - a book of the Tempests

   Spells                             Type                      Level
   a - Static Discharge               Conjuration/Air              3
   b - Lightning Bolt                 Conjuration/Air              5
   c - Fireball                       Conjuration/Fire             5
   d - Tornado                        Air                          9
   e - Shatter                        Earth                        9
 W - the Handbook of Unstable Arcane Weapons
   (You found it in the Dungeon)

   Spells                             Type                      Level
   a - Searing Ray                    Conjuration                  2
   b - Dazzling Spray                 Conjuration/Hexes            3
   c - Throw Icicle                   Conjuration/Ice              4
   d - Summon Forest                  Summoning/Translocation      5
Comestibles
 b - 7 meat rations


   Skills:
 - Level 8.7 Fighting
 - Level 16.2 Dodging
 - Level 16.0 Stealth
 - Level 21.4 Unarmed Combat
 + Level 7.3 Spellcasting
 + Level 11.2 Hexes
 + Level 10.2 Ice Magic


You had 18 spell levels left.
You knew the following spells:

 Your Spells              Type           Power        Failure   Level  Hunger
a - Throw Icicle          Conj/Ice       ###.....     9%          4    ####...
b - Ensorcelled Hibernat  Hex/Ice        #####.       1%          2    None


Dungeon Overview and Level Annotations

Branches:
Dungeon (1/1)

Altars:
Ashenzari
Cheibriados
Dithmenos
Elyvilon
Fedhas
Gozag
Hepliaklqana
Kikubaaqudgha
Makhleb
Nemelex Xobeh
Okawaru
Qazlal
Ru
Sif Muna
Trog
Uskayaw
Vehumet
Xom
Yredelemnul
Zin
The Shining One
Beogh
Jiyva
Lugonu

Annotations:
D Boris, Ilsuiw, Louise


Innate Abilities, Weirdness & Mutations

You cannot wear armour.
You are incapable of wielding weapons or throwing items.
Your paws allow you to move quietly. (Stealth)
You have sharp claws.
You have razor-sharp teeth.
You have supernaturally acute eyesight. (SInv)
You are carnivorous and can eat meat at any time.
You cover ground quickly.
Your thick and shaggy fur keeps you warm. (AC +3, rC+)
You have a slow metabolism.
Your sharp claws are effective at attacking unaware monsters.


Message History

The cacodemon is no longer distracted by gold.
Your deep troll shaman bites the Executioner.
Your deep troll shaman claws the Executioner!
Your deep troll shaman completely misses the Executioner.
The hellion hits your deep troll shaman but does no damage.
The angel is distracted by the nearby gold.
A warg and a red devil come into view.
* * * LOW HITPOINT WARNING * * *
You feel sick.
Your red devil grins greedily, jangling a coin purse.
The hell knight stares, then turns away, jangling a coin purse.
The deep troll shaman is no longer distracted by gold.
Your spriggan defender hits the cacodemon with a demon whip of venom!!
The cacodemon dies!
The apis gores the fire giant!!
The fire giant dies!
The ice dragon breathes frost at you. The blast of cold hits you! You resist.
You die...
Your body crumbles into a pile of gold.

##### ########### ....#
#.......... ....# #..........
.#..# #+###......D..# ....#
+............@.#
....#####....$Y......$.#
.#..##....###..)@..p...2
....##....#.i$p#.....1$T
....##....#$)..#Tp....T2
(#..##....).)###.d.TA.i4
....''.....$$...Y...Y..h
.)..''......$.....(.....
##('####################
##''#############################
##......D.A.......m..............


You could see a hellephant, an apis (unaware), a dire elephant (unaware), an ice
dragon, an iron troll, 2 hell knights, a deep troll, a deep troll shaman, a
hellion, a warg, a halberd of venom, a neutral angel, a neutral Executioner, a
neutral cacodemon, a neutral spriggan defender (wandering), a neutral hell
knight (unaware), the friendly Louise, a friendly white draconian, a friendly
spriggan defender (unaware), a friendly deep troll shaman and a friendly red
devil (unaware).

Vanquished Creatures
  An ettin (D)
  A vault guard (D)
  A hell knight (D)
  2 vampire magi (D)
  A sixfirhy (D)
  2 skeletal warriors (D)
  A sea snake (D)
  A deep troll (D)
  An unseen horror (D)
  A flayed ghost (D)
  2 orc knights (D)
  A deep elf mage (D)
  2 elephants (D)
  A molten gargoyle (D)
  An orange demon (D)
  A komodo dragon (D)
  An ice devil (D)
  A hellwing (D)
  A tyrant leech (D)
  A wandering mushroom (D)
  2 snapping turtles (D)
  8 redbacks (D)
  An air elemental (D)
  A tarantella (D)
  A water elemental (D)
  2 spriggans (D)
  Eustachio (D)
  3 vampire mosquitoes (D)
  A soldier ant (D)
  A warg (D)
  A water moccasin (D)
  A floating eye (D)
  A porcupine (D)
  An orc warrior (D)
  An ice beast (D)
  2 phantoms (D)
  A necrophage (D)
  An ogre (D)
  4 wolves (D)
  A gnoll sergeant (D)
  4 killer bees (D)
  5 wights (D)
  A quasit (D)
  A jelly (D)
  An orc priest (D)
  An iron imp (D)
  5 gnolls (D)
  2 adders (D)
  A river rat (D)
  An ufetubus (D)
  2 oozes (D)
  An adder simulacrum (D)
  2 orcs (D)
  A bat (D)
  4 giant cockroaches (D)
  A goblin (D)
  A kobold (D)
  A quokka (D)
  A frilled lizard (D)
  2 rats (D)
97 creatures vanquished.

Vanquished Creatures (collateral kills)
  A deep elf master archer (D)
  A cacodemon (D)
  A draconian annihilator (D)
  A slime creature (D)
  A naga warrior (D)
  A catoblepas (D)
  A vampire mage (D)
  A skeletal warrior (D)
  A cherub (D)
  2 deep trolls (D)
  3 orc knights (D)
  An ugly thing (D)
  4 elephants (D)
  An eye of devastation (D)
  A naga mage (D)
  An orange demon (D)
  A polar bear (D)
  A tyrant leech (D)
  2 ynoxinuls (D)
  A spriggan (D)
  A water elemental (D)
  3 redbacks (D)
  A tarantella (D)
  5 wolves (D)
  A killer bee (D)
  An orc priest (D)
  An orc wizard (D)
  An adder skeleton (D)
41 creatures vanquished.

Vanquished Creatures (others)
  A lich (D)
  A deep elf master archer (D)
  2 sphinxes (D)
  A fire giant (D)
  2 nagarajas (D)
  A frost giant (D)
  A draconian shifter (D)
  A cacodemon (D)
  3 deep elf sorcerers (D)
  2 orc warlords (D)
  An angel (D)
  An ophan (D)
  2 green draconians (D)
  2 deep elf demonologists (D)
  A vampire knight (D)
  A white draconian (D)
  A merfolk javelineer (D)
  A blizzard demon (D)
  A deep elf death mage (D)
  2 deep elf high priests (D)
  A hydra (D)
  A merfolk avatar (D)
  An alligator snapping turtle (D)
  An ogre mage (D)
  2 vampire magi (D)
  A death yak (D)
  5 deep elf knights (D)
  A sun demon (D)
  2 skeletal warriors (D)
  10 hell knights (D)
  A cherub (D)
  An orc sorcerer (D)
  2 wizards (D)
  A phantasmal warrior (D)
  6 orc knights (D)
  A deep elf mage (D)
  A guardian serpent (D)
  2 sirens (D)
  A naga mage (D)
  A gargoyle (D)
  A hellwing (D)
  A red devil (D)
  A slime creature (D)
  5 ogres (D)
  A killer bee (D)
79 creatures vanquished.

Grand Total: 217 creatures vanquished

Notes
Turn   | Place    | Note
-------+----------+-------------------------------------------
     0 | D        | equalderp2856 the Felid Fighter began the quest for the Orb.
     0 | D        | Reached XP level 1. HP: 10/10 MP: 2/2
    24 | D        | Reached skill level 5 in Dodging
    24 | D        | Reached skill level 5 in Unarmed Combat
    24 | D        | Reached XP level 2. HP: 14/14 MP: 3/3
    46 | D        | Noticed a floating eye
    54 | D        | Paralysed by a floating eye for 4 turns
    59 | D        | Killed a floating eye
    59 | D        | Reached skill level 5 in Fighting
    59 | D        | Reached skill level 8 in Unarmed Combat
    59 | D        | Reached XP level 3. HP: 12/19 MP: 4/4
    59 | D        | Reached XP level 4. HP: 14/23 MP: 5/5
    79 | D        | Found a radiant altar of Vehumet.
    79 | D        | Found a hide-covered altar of Uskayaw.
    79 | D        | Found an ancient bone altar of Kikubaaqudgha.
    79 | D        | Found a viscous altar of Jiyva.
    79 | D        | Found a hazy altar of Hepliaklqana.
    80 | D        | Found a bloodstained altar of Trog.
    80 | D        | Found a deep blue altar of Sif Muna.
    80 | D        | Found a sacrificial altar of Ru.
    80 | D        | Found a stormy altar of Qazlal.
    80 | D        | Found an iron altar of Okawaru.
    80 | D        | Found a sparkling altar of Nemelex Xobeh.
    80 | D        | Found an opulent altar of Gozag.
    80 | D        | Found a blossoming altar of Fedhas.
    80 | D        | Found a white marble altar of Elyvilon.
    80 | D        | Found a shadowy altar of Dithmenos.
    80 | D        | Found a snail-covered altar of Cheibriados.
    81 | D        | Found a glowing golden altar of the Shining One.
    81 | D        | Found a glowing silver altar of Zin.
    83 | D        | Found a roughly hewn altar of Beogh.
    83 | D        | Found a burning altar of Makhleb.
    83 | D        | Found a basalt altar of Yredelemnul.
    84 | D        | Found a shattered altar of Ashenzari.
    84 | D        | Found a corrupted altar of Lugonu.
    84 | D        | Found a shimmering altar of Xom.
    86 | D        | Became a worshipper of Gozag Ym Sagoz the Greedy
   208 | D        | Noticed an ice beast
   227 | D        | Slain by an ice beast
   228 | D        | Reached XP level 3. HP: -1/19 MP: 4/4
   241 | D        | Killed an ice beast
   241 | D        | Reached skill level 9 in Unarmed Combat
   241 | D        | Reached XP level 4. HP: 24/24 MP: 5/5
   241 | D        | Reached XP level 5. HP: 27/27 MP: 6/6
   324 | D        | Noticed a warg
   324 | D        | Noticed a phantom
   328 | D        | Noticed a porcupine
   337 | D        | Killed a warg
   337 | D        | Reached skill level 10 in Unarmed Combat
   337 | D        | Gained mutation: You are covered in thick fur. (AC +2) [Felid growth]
   337 | D        | Reached XP level 6. HP: 31/31 MP: 7/7
   342 | D        | Reached skill level 5 in Stealth
   342 | D        | Reached skill level 11 in Unarmed Combat
   650 | D        | Killed a porcupine
   962 | D        | Reached skill level 12 in Unarmed Combat
   962 | D        | Reached XP level 7. HP: 36/36 MP: 8/8
   972 | D        | Reached skill level 10 in Dodging
  1109 | D        | Noticed a deep elf mage
  1130 | D        | Killed a deep elf mage
  1130 | D        | Reached skill level 13 in Unarmed Combat
  1130 | D        | Reached XP level 8. HP: 39/40 MP: 9/9
  1197 | D        | Reached skill level 14 in Unarmed Combat
  1311 | D        | Noticed an air elemental
  1316 | D        | Killed an air elemental
  1343 | D        | Noticed a deep troll
  1371 | D        | Noticed a snapping turtle
  1377 | D        | Reached skill level 15 in Unarmed Combat
  1403 | D        | Reached XP level 9. HP: 24/43 MP: 10/10
  1407 | D        | Reached skill level 10 in Stealth
  1438 | D        | Reached skill level 16 in Unarmed Combat
  1487 | D        | Killed a deep troll
  1505 | D        | Noticed a molten gargoyle
  1517 | D        | Noticed an orc knight
  1521 | D        | Noticed an orange demon
  1523 | D        | Noticed a flayed ghost
  1565 | D        | Killed a molten gargoyle
  1565 | D        | Reached skill level 17 in Unarmed Combat
  1569 | D        | Killed an orange demon
  1595 | D        | Reached XP level 10. HP: 30/48 MP: 11/11
  1782 | D        | Killed an orc knight
  1939 | D        | Reached skill level 18 in Unarmed Combat
  2103 | D        | Mangled by an ice devil
  2104 | D        | Reached XP level 9. HP: -11/44 MP: 10/10
  2112 | D        | Killed an ice devil
  2122 | D        | Noticed a sea snake
  2150 | D        | Killed a flayed ghost
  2165 | D        | Noticed a komodo dragon
  2219 | D        | Killed a sea snake
  2219 | D        | Reached skill level 19 in Unarmed Combat
  2219 | D        | Reached XP level 10. HP: 45/48 MP: 11/11
  2395 | D        | Noticed a sixfirhy
  2395 | D        | Noticed an eye of devastation
  2402 | D        | Noticed an unseen horror
  2406 | D        | Killed an eye of devastation
  2411 | D        | Killed an unseen horror
  2543 | D        | Noticed a deep elf mage
  2543 | D        | Noticed an orc sorcerer
  2546 | D        | Noticed an orange demon
  2554 | D        | Noticed a deep troll
  2555 | D        | Noticed an elephant
  2556 | D        | Killed an orange demon
  2556 | D        | Reached skill level 15 in Dodging
  2571 | D        | Killed an elephant
  2758 | D        | Got the ring "Otyenis" {rF- Dex+2 Slay+3 Stlth+}
  2817 | D        | Noticed a vampire mage
  2832 | D        | Noticed a death yak
  2841 | D        | Killed a death yak
  2871 | D        | Reached skill level 20 in Unarmed Combat
  2893 | D        | Noticed an elephant
  2894 | D        | Noticed an elephant
  2913 | D        | Killed an elephant
  2915 | D        | Killed an elephant
  3080 | D        | Noticed an elephant
  3082 | D        | Noticed an elephant
  3082 | D        | Noticed an elephant
  3092 | D        | Killed an elephant
  3096 | D        | Killed an elephant
  3097 | D        | Killed an elephant
  3108 | D        | Noticed a sixfirhy
  3115 | D        | Killed a sixfirhy
  3115 | D        | Reached XP level 11. HP: 51/51 MP: 12/12
  3220 | D        | Noticed a nagaraja
  3239 | D        | Noticed a sphinx
  3239 | D        | Noticed a vampire mage
  3240 | D        | Noticed a vampire mage
  3242 | D        | Noticed a vampire mage
  3244 | D        | Noticed a vampire mage
  3245 | D        | Noticed a wizard
  3249 | D        | Noticed a lich
  3250 | D        | Noticed a nagaraja
  3251 | D        | Noticed a deep elf demonologist
  3252 | D        | Noticed a deep elf demonologist
  3254 | D        | Noticed a lorocyproca
  3255 | D        | Noticed a deep elf sorcerer
  3256 | D        | Killed a vampire mage
  3258 | D        | Killed a sphinx
  3263 | D        | Killed a vampire mage
  3267 | D        | Noticed a green death
  3267 | D        | Killed a green draconian
  3271 | D        | Killed a deep elf demonologist
  3272 | D        | Killed a vampire mage
  3272 | D        | Reached skill level 15 in Stealth
  3272 | D        | Reached skill level 21 in Unarmed Combat
  3273 | D        | Noticed an Ice Fiend
  3273 | D        | Noticed a deep elf sorcerer
  3275 | D        | Killed a deep elf sorcerer
  3277 | D        | Killed a deep elf high priest
  3280 | D        | Noticed a balrug
  3280 | D        | Noticed a sun demon
  3281 | D        | Noticed a Hell Sentinel
  3283 | D        | Noticed a Hell Sentinel
  3284 | D        | Noticed a sun demon
  3284 | D        | Killed a deep elf demonologist
  3294 | D        | Noticed a hell knight
  3300 | D        | Noticed a hell knight
  3303 | D        | Killed a hell knight
  3306 | D        | Killed a hell knight
  3312 | D        | Killed a vampire mage
  3314 | D        | Noticed a hell knight
  3315 | D        | Noticed a hell knight
  3315 | D        | Noticed an alligator snapping turtle
  3318 | D        | Noticed a hell knight
  3318 | D        | Noticed a deep elf high priest
  3319 | D        | Killed a lich
  3320 | D        | Killed a hell knight
  3320 | D        | Killed a hell knight
  3320 | D        | Killed a hell knight
  3320 | D        | Killed a wizard
  3322 | D        | Noticed a deep elf master archer
  3322 | D        | Noticed a yellow draconian annihilator
  3322 | D        | Noticed a deep elf death mage
  3324 | D        | Noticed a white draconian
  3329 | D        | Noticed a hell knight
  3330 | D        | Noticed an ophan
  3330 | D        | Noticed a hell knight
  3332 | D        | Killed a hell knight
  3335 | D        | Killed a deep elf high priest
  3338 | D        | Killed an alligator snapping turtle
  3353 | D        | Killed a deep elf master archer
  3686 | D        | Identified Pezadiq's Almanac of Attacks (You found it in the Dungeon)
  3693 | D        | Identified the Papyrus of Earth and Cold (You found it in the Dungeon)
  3731 | D        | Learned a level 4 spell: Throw Icicle
  3734 | D        | Learned a level 2 spell: Ensorcelled Hibernation
  3779 | D        | Got the amulet "Ifudd" {Spirit Int+3}
  3781 | D        | Got the amulet "Eclaec" {rElec rF- Regen+ Dex+4 SInv}
  3783 | D        | Got the ring of Joucra {MP+9 EV+3 Str+3 Int-3}
  3785 | D        | Got the ring "Jiolo" {rC- Int-5 Dex+9 Slay+5 Stlth+}
  3787 | D        | Got the ring of Bathivue {rElec MR+}
  3789 | D        | Got the amulet "Acorphir" {+Rage rPois rF+ MR+}
  3791 | D        | Got the amulet of Red Wine {MR+ Regen+ Str+2}
  3793 | D        | Got the ring of Peofygrez {+Fly rF+ rN+ MR+ Str+4}
  3795 | D        | Got the ring "Hicrun" {-Tele rF+ MP+9 Int+3}
  3797 | D        | Got the amulet of the Inquisitive Gods {+Rage +Fly rPois rC+ MR+}
  3809 | D        | Got the amulet of Yrosm {Spirit *Corrode rPois Dex+5}
  3816 | D        | Got the amulet "Distrinoa" {RegenMP MP-9 Int+3}
  3818 | D        | Got the amulet of the Many Nights {+Rage rF- rC+++ rN+ Int+2}
  3947 | D        | Got the ring "Onialo" {+Fly Int+6}
  3949 | D        | Got the ring "Xaurchat" {rPois rC+}
  3953 | D        | Got the ring "Cyonn" {Fire Dex+2}
  3955 | D        | Got the ring of Altruism {+Inv rF- rN+ Dex+6}
  3957 | D        | Got the ring of Creativity {rElec AC+6 Slay+5 SInv}
  3959 | D        | Got the ring of Siugh {-Tele rC+ MR+ Dex+9 Slay-3}
  3969 | D        | Got the ring of Pietat {MR+ Dex+6}
  3977 | D        | Got the ring of Egomania {-Tele rPois rN+ Int+6 Dex+4 Stlth+}
  3979 | D        | Got the ring "Vebadaek" {Wiz Str+2 Stlth+}
  3981 | D        | Got the ring "Haus" {*Slow +Fly rElec rPois Str+5}
  3998 | D        | Got the ring "Osistruig" {rPois rC+ MR++}
  4003 | D        | Got the ring "Cummuewn" {rC+ rN+}
  4402 | D        | Noticed an orc knight
  4402 | D        | Noticed an orc knight
  4402 | D        | Noticed an orc knight
  4402 | D        | Noticed an orc knight
  4402 | D        | Noticed an orc knight
  4403 | D        | Noticed an orc knight
  4403 | D        | Noticed an orc warlord
  4403 | D        | Noticed an orc warlord
  4403 | D        | Noticed a wizard
  4405 | D        | Noticed an orc knight
  4405 | D        | Noticed an orc knight
  4407 | D        | Killed an orc warlord
  4408 | D        | Killed an orc knight
  4409 | D        | Killed an orc knight
  4409 | D        | Killed an orc knight
  4409 | D        | Reached skill level 1 in Spellcasting
  4409 | D        | Reached skill level 1 in Hexes
  4409 | D        | Reached skill level 1 in Ice Magic
  4412 | D        | Killed a wizard
  4412 | D        | Killed an orc knight
  4414 | D        | Killed a nagaraja
  4416 | D        | Killed an orc knight
  4422 | D        | Killed a yellow draconian annihilator
  4433 | D        | Killed an orc knight
  4457 | D        | Noticed a deep elf knight
  4466 | D        | Noticed a deep elf knight
  4469 | D        | Noticed a vault guard
  4470 | D        | Noticed an orc knight
  4470 | D        | Noticed a vault guard
  4471 | D        | Noticed a deep elf mage
  4471 | D        | Noticed a cherub
  4472 | D        | Noticed a deep elf knight
  4472 | D        | Killed a deep elf mage
  4480 | D        | Killed a vault guard
  4490 | D        | Killed a cherub
  4490 | D        | Reached skill level 5 in Hexes
  4587 | D        | Killed an orc knight
  4621 | D        | Noticed a merfolk avatar
  4625 | D        | Noticed a deep elf knight
  4626 | D        | Noticed a naga warrior
  4627 | D        | Killed a deep elf knight
  4629 | D        | Noticed a naga warrior
  4630 | D        | Noticed a sphinx
  4639 | D        | Killed a naga warrior
  4639 | D        | Reached skill level 5 in Ice Magic
  4642 | D        | Killed an orc knight
  4653 | D        | Killed a deep elf knight
  4662 | D        | Killed a deep elf knight
  4844 | D        | Noticed Ilsuiw
  4844 | D        | Noticed a merfolk javelineer
  4844 | D        | Noticed a four-headed hydra
  4844 | D        | Noticed a green draconian
  4844 | D        | Noticed Boris
  4845 | D        | Killed a four-headed hydra
  4850 | D        | Killed a green draconian
  4854 | D        | Killed a merfolk javelineer
  4876 | D        | Got the ring "Botuyneo" {-Tele rN+ Str+8 Slay+5}
  4879 | D        | Got the ring of the Special Mice {+Fly rF- MR+ Dex+7}
  4922 | D        | Noticed a skeletal warrior
  4922 | D        | Noticed a purple ugly thing
  4922 | D        | Noticed a deep elf master archer
  4922 | D        | Noticed a catoblepas
  4922 | D        | Noticed a deep troll
  4933 | D        | Noticed a deep elf knight
  4934 | D        | Killed a deep troll
  4955 | D        | Noticed a deep elf demonologist
  4959 | D        | Killed a purple ugly thing
  4961 | D        | Noticed a phantasmal warrior
  4961 | D        | Killed a catoblepas
  4965 | D        | Killed a skeletal warrior
  4965 | D        | Reached skill level 5 in Spellcasting
  4975 | D        | Noticed a skeletal warrior
  4983 | D        | Noticed a skeletal warrior
  5007 | D        | Killed a deep elf knight
  5019 | D        | Gained mutation: Your thick and shaggy fur keeps you warm. (AC +3, rC+) [Felid growth]
  5019 | D        | Reached XP level 12. HP: 47/56 MP: 15/21
  5058 | D        | Got the ring "Atesabbacw" {rCorr Int+4 Slay+5}
  5086 | D        | Reached skill level 10 in Hexes
  5237 | D        | Noticed Eustachio
  5263 | D        | Noticed a Hell Sentinel
  5285 | D        | Noticed a great orb of eyes
  5305 | D        | Killed Eustachio
  5321 | D        | Identified the Handbook of Unstable Arcane Weapons (You found it in the Dungeon)
  5445 | D        | Noticed an angel
  5446 | D        | Noticed an ettin
  5446 | D        | Noticed an ophan
  5447 | D        | Noticed an angel
  5448 | D        | Noticed a blizzard demon
  5448 | D        | Noticed an ogre mage
  5448 | D        | Noticed an apis
  5448 | D        | Killed a blizzard demon
  5449 | D        | Noticed a red draconian shifter
  5449 | D        | Killed an ogre mage
  5456 | D        | Killed an ophan
  5463 | D        | Killed a red draconian shifter
  5472 | D        | Killed a cacodemon
  5476 | D        | Killed an angel
  5487 | D        | Killed a nagaraja
  5499 | D        | Killed an ettin
  5510 | D        | Killed from afar by a hell knight
  5511 | D        | Reached XP level 11. HP: -9/52 MP: 0/22
  5521 | D        | Killed a hell knight
  5521 | D        | Reached skill level 10 in Ice Magic
  5538 | D        | Killed a sphinx
  5549 | D        | Noticed a shadow dragon
  5560 | D        | Noticed a dire elephant
  5563 | D        | Noticed a fire giant
  5563 | D        | Noticed a vampire knight
  5566 | D        | Noticed a spriggan defender
  5567 | D        | Noticed a halberd of venom
  5567 | D        | Noticed a cacodemon
  5568 | D        | Noticed an angel
  5568 | D        | Noticed a deep troll
  5568 | D        | Noticed a hell knight
  5569 | D        | Noticed an Executioner
  5569 | D        | Noticed an iron troll
  5569 | D        | Killed a vampire knight
  5570 | D        | Noticed a sun demon
  5570 | D        | Noticed a white draconian
  5571 | D        | Noticed a frost giant
  5571 | D        | Noticed a deep troll shaman
  5571 | D        | Noticed a deep elf sorcerer
  5572 | D        | Noticed a hellephant
  5572 | D        | Killed a frost giant
  5573 | D        | Noticed an ice dragon
  5573 | D        | Killed a hell knight
  5574 | D        | Noticed a cacodemon
  5574 | D        | Noticed a spriggan defender
  5574 | D        | Noticed Louise
  5575 | D        | Noticed a deep troll shaman
  5577 | D        | Killed a cacodemon
  5577 | D        | Killed a fire giant
  5577 | D        | Killed from afar by an ice dragon

Skill      XL: |  1  2  3  4  5  6  7  8  9 10 11 12 |
---------------+-------------------------------------+-----
Dodging        | 5 6 7 8 9 11 12 13 15 16 | 16.2
Unarmed Combat | 5 8 9 10 12 13 15 19 20 21 | 21.4
Fighting       | 5 6 7 8 |  8.7
Stealth        | 2 3 4 6 8 9 12 14 16 | 16.0
Spellcasting   | 5 7 |  7.3
Hexes          | 11 10 | 11.2
Ice Magic      | 10 9 | 10.2

Action                   |  1- 3 |  4- 6 |  7- 9 | 10-12 || total
-------------------------+-------+-------+-------+-------++-------
Melee: Unarmed           |    13 |    31 |   119 |   212 ||   375
       Bite              |     1 |     1 |    15 |    34 ||    51
       Punch             |       |     1 |     9 |    16 ||    26
 Cast: Throw Icicle      |       |       |       |     1 ||     1
Invok: Bribe Branch      |       |       |     1 |     2 ||     3
Evoke: Wand              |       |       |       |     1 ||     1
  Use: Potion            |       |     3 |     1 |    14 ||    18
       Scroll            |       |       |       |     3 ||     3
 Stab: Sleeping          |     3 |     1 |     4 |     3 ||    11
       Distracted        |       |       |     3 |     5 ||     8
  Eat: Meat ration       |       |       |       |     1 ||     1
Armor: Skin              |       |       |     2 |     4 ||     6
Dodge: Dodged            |     5 |    22 |   108 |   180 ||   315
